Map: King's Cove LE

Players

VOIP

  • Race: Terran Terran
  • League: Master
  • Spawn Location: 5:00

zuka - Winner!

  • Race: Protoss Protoss
  • League: Master
  • Spawn Location: 11:00

VOD

Have the link to the VOD?

Description

Time

  • Played on: May 15, 2019, 5:33 p.m.
  • Length: 12:52
Show
View Real Time Build Order
Export as new Build Order

VOIP Terran 

Build Orders: Command Center First (CC) 

Get SALT Encoding   

  12  0:01  SCV  
  13  0:13  SCV  
  14  0:18  Supply Depot  
  14  0:25  SCV  
  15  0:40  SCV  
  16  0:52  SCV  
  17  1:02  Command Center  
  17  1:14  Barracks  
  17  1:17  SCV  
  18  1:29  SCV  
  19  1:39  Barracks  
  19  1:51  SCV, Barracks  
  20  1:55  Refinery  
  20  2:08  Marine  
  22  2:12  Orbital Command  
  21  2:23  Orbital Command  
  21  2:26  Marine  
  22  2:30  Marine  
  23  2:42  Marine  
  23  2:43  SCV  
  25  2:46  Refinery  
  25  2:47  Barracks Tech Lab  
  25  3:00  SCV x2  
  25  3:04  Marine  
  25  3:05  Marine  
  29  3:06  Stimpack  
  29  3:12  SCV  
  30  3:14  Marine  
  30  3:16  Bunker  
  30  3:17  SCV  
  32  3:23  Marine  
  32  3:24  SCV  
  32  3:26  Marine  
  35  3:29  SCV  
  36  3:36  SCV  
  36  3:38  Supply Depot  
  37  3:41  SCV  
  37  3:52  Supply Depot  
  37  3:54  SCV  
  38  3:56  Barracks Reactor  
  38  3:57  Barracks Tech Lab, Factory  
  38  4:00  SCV  
  39  4:03  Engineering Bay  
  39  4:06  SCV  
  40  4:15  SCV  
  42  4:19  Marauder x2  
  42  4:21  Combat Shield  
  44  4:27  SCV  
  44  4:28  SCV  
  46  4:31  Terran Infantry Weapons Level 1  
  46  4:34  Refinery  
  46  4:39  SCV  
  46  4:40  SCV  
  46  4:41  Supply Depot  
  48  4:48  Starport  
  48  4:51  SCV  
  49  4:55  SCV  
  49  4:56  Refinery  
  50  5:00  Supply Depot  
  50  5:03  Factory Reactor  
  50  5:05  Missile Turret  
  50  5:06  Marauder  
  52  5:09  Marauder  
  52  5:11  SCV  
  52  5:12  SCV  
  56  5:17  Marine x2  
  58  5:23  SCV  
  58  5:24  SCV  
  60  5:29  Marauder  
  60  5:33  Marauder  
  64  5:36  Marine x2  
  66  5:43  Medivac x2  
  66  5:48  Supply Depot  
  70  5:51  SCV x2, Concussive Shells  
  70  5:53  Marauder  
  70  5:57  Factory Reactor  
  74  6:00  Marauder, Marine x2  
  74  6:03  Supply Depot  
  78  6:09  SCV x2  
  80  6:13  Medivac x2  
  84  6:20  Marauder  
  84  6:23  Supply Depot  
  84  6:24  Marine x2  
  88  6:26  Barracks, Terran Infantry Armor Level 1  
  88  6:32  Marauder, Barracks  
  90  6:38  Widow Mine  
  90  6:39  Widow Mine  
  94  6:45  Marauder, Supply Depot  
  89  7:03  Marine  
  89  7:04  Marauder, Marine  
  93  7:10  Command Center  
  93  7:17  Marauder  
  93  7:20  Barracks Reactor  
  93  7:21  Marine  
  96  7:25  Medivac x2  
  100  7:32  Factory Reactor  
  67  8:10  Marauder x2  
  67  8:11  Marine x5  
  72  8:17  Barracks  
  72  8:20  Barracks  
  72  8:25  Armory, Engineering Bay  
  72  8:32  Starport  
  72  8:33  Marine x3  
  72  8:34  Marine  
  76  8:35  Marauder x2  
  76  8:37  Barracks Tech Lab  
  76  8:38  SCV  
  81  8:43  Viking  
  81  8:44  Viking  
  81  8:48  Widow Mine x2, SCV  
  90  8:50  SCV  
  91  9:00  SCV, Orbital Command  
  91  9:02  SCV  
  93  9:08  Viking x2  
  97  9:11  Marauder x2  
  97  9:12  Marauder, Barracks Tech Lab  
  97  9:14  Barracks Tech Lab  
  103  9:18  SCV  
  103  9:20  Supply Depot  
  103  9:23  Marine x2  
  103  9:24  Marine  
  107  9:25  SCV  
  107  9:29  SCV  
  107  9:30  SCV  
  110  9:32  Viking  
  110  9:34  Viking  
  110  9:38  SCV  
  115  9:41  Terran Infantry Armor Level 2, Terran Infantry Weapons Level 2  
  115  9:43  Marauder  
  115  9:45  Marauder  
  119  9:47  Supply Depot  
  119  9:52  SCV x3  
  122  9:53  Supply Depot  
  122  9:54  Marauder  
  122  9:55  Marauder  
  122  9:57  Marauder  
  122  9:59  Viking  
  130  10:02  Viking  
  132  10:09  Supply Depot  
  132  10:11  Marauder x2  
  136  10:14  Viking  
  136  10:15  Supply Depot  
  140  10:21  Liberator  
  140  10:22  Liberator  
  140  10:24  Marauder x3, Marine x2  
  148  10:29  Marine  
  148  10:30  Marine  
  148  10:33  Marauder  
  148  10:34  Marauder  
  148  10:35  Viking  
  156  10:41  Supply Depot, Refinery  
  160  10:46  Liberator  
  160  10:50  Terran Ship Weapons Level 1  
  160  10:51  SCV x2  
  160  10:52  SCV  
  160  10:53  Refinery  
  163  11:02  Command Center  
  166  11:07  Supply Depot, Liberator  
  166  11:13  Liberator  
  166  11:18  Fusion Core  
  173  11:25  Marauder x2  
  173  11:28  Marauder x2  
  173  11:29  Supply Depot  
  167  11:50  Liberator x2  
  101  11:55  Marauder x3, Marine x4  
  101  11:56  Marine x2  
  101  11:58  Marauder  
  88  12:13  Marine x3  
  89  12:16  Marauder x2  
  89  12:17  Marauder  
Show
View Real Time Build Order
Export as new Build Order

zuka Protoss - Winner!

Build Orders: 1 Gate Expand, Colossus Rush 

Get SALT Encoding   

  12  0:01  Probe  
  13  0:13  Probe  
  14  0:21  Pylon  
  14  0:22  Probe  
  15  0:35  Probe  
  15  0:40  Gateway  
  16  0:45  Probe  
  16  0:49  Assimilator  
  17  0:56  Probe  
  18  1:04  Probe  
  19  1:13  Probe  
  20  1:28  Nexus  
  20  1:30  Probe  
  20  1:59  Nexus  
  20  2:12  Cybernetics Core  
  20  2:14  Probe  
  21  2:19  Assimilator  
  21  2:26  Probe  
  22  2:31  Pylon  
  22  2:38  Probe, Adept  
  22  2:40  Probe  
  24  2:50  Warp Gate  
  24  2:51  Probe  
  27  2:54  Probe  
  28  3:03  Robotics Facility  
  28  3:07  Probe  
  28  3:08  Probe  
  30  3:13  Probe  
  30  3:18  Adept  
  33  3:21  Probe x2  
  33  3:26  Probe  
  36  3:34  Probe  
  37  3:47  Probe  
  37  3:48  Adept  
  40  3:50  Probe  
  40  3:54  Robotics Bay  
  40  3:55  Probe  
  42  3:59  Probe  
  42  4:01  Pylon  
  42  4:02  Probe  
  44  4:07  Probe  
  45  4:11  Probe  
  45  4:14  Probe  
  45  4:18  Adept  
  45  4:19  Probe  
  45  4:23  Probe  
  49  4:26  Probe  
  49  4:28  Colossus  
  49  4:30  Gateway  
  50  4:31  Probe  
  50  4:35  Probe  
  52  4:38  Probe  
  52  4:45  Shield Battery  
  59  4:47  Extended Thermal Lance  
  59  4:48  Assimilator  
  59  4:49  Assimilator  
  59  4:55  Probe x2  
  59  4:58  Probe  
  62  5:04  Adept  
  64  5:07  Probe x2  
  66  5:19  Probe  
  69  5:24  Pylon  
  67  5:29  Adept  
  67  5:30  Colossus, Pylon  
  67  5:34  Forge  
  69  5:37  Forge  
  69  5:42  Probe x2  
  77  5:44  Pylon  
  77  5:49  Probe  
  78  5:50  Stalker  
  78  5:52  Stalker  
  78  5:54  Probe  
  78  5:55  Probe  
  84  5:58  Gateway  
  84  6:01  Gateway  
  85  6:04  Protoss Ground Armor Level 1, Protoss Ground Weapons Level 1  
  85  6:07  Probe  
  85  6:11  Probe x2  
  87  6:19  Probe  
  87  6:23  Probe x2  
  90  6:27  Pylon  
  90  6:31  Pylon  
  90  6:36  Twilight Council  
  90  6:38  Pylon  
  90  6:39  Stalker  
  92  6:43  Shield Battery  
  92  6:44  Colossus  
  98  7:00  Probe x2  
  100  7:01  Stalker x3  
  100  7:03  Stalker  
  100  7:07  Pylon  
  108  7:09  Pylon  
  108  7:11  Photon Cannon  
  108  7:13  Photon Cannon  
  108  7:16  Photon Cannon  
  108  7:18  Photon Cannon  
  108  7:21  Photon Cannon  
  108  7:22  Shield Battery  
  108  7:29  Pylon  
  108  7:37  Stalker x4  
  104  7:45  Probe x3  
  102  7:57  Probe x2  
  102  7:58  Probe  
  105  8:03  Protoss Ground Weapons Level 2  
  104  8:08  Charge  
  104  8:09  Probe  
  104  8:10  Probe x2  
  104  8:12  Protoss Ground Armor Level 2  
  107  8:21  Pylon, Probe  
  107  8:22  Probe x2  
  107  8:26  Assimilator  
  110  8:28  Assimilator  
  110  8:34  Templar Archives  
  110  8:36  Gateway  
  110  8:40  Photon Cannon  
  110  8:42  Photon Cannon  
  110  8:45  Photon Cannon  
  110  8:49  Nexus  
  110  8:50  Immortal  
  110  8:52  Photon Cannon  
  110  8:53  Photon Cannon  
  110  8:55  Photon Cannon  
  110  8:57  Pylon, Photon Cannon  
  110  9:00  Psionic Storm  
  114  9:05  Pylon  
  114  9:11  Pylon  
  114  9:14  Zealot x4  
  122  9:26  Gateway  
  122  9:35  High Templar x2  
  122  9:36  High Templar x2  
  122  9:37  Zealot  
  132  9:47  Photon Cannon  
  132  9:48  Immortal  
  132  9:50  Gateway  
  136  9:57  Gateway  
  136  10:08  High Templar x3  
  136  10:09  Zealot, High Templar, Gateway  
  136  10:11  Gateway  
  136  10:12  Archon x2  
  146  10:18  Assimilator  
  146  10:21  Assimilator  
  146  10:23  Photon Cannon, Warp Prism  
  146  10:25  Shield Battery  
  146  10:26  Pylon  
  148  10:31  Stargate  
  148  10:36  Zealot  
  148  10:37  Zealot  
  152  10:47  Pylon  
  152  10:53  Observer  
  152  10:56  Zealot x4  
  152  10:57  Zealot x3  
  162  11:01  Pylon  
  167  11:07  High Templar x2  
  167  11:08  Zealot  
  173  11:11  Archon  
  173  11:20  Dark Shrine  
  173  11:25  Pylon  
  173  11:36  Zealot x2  
  173  11:37  Zealot x5  
  179  11:51  Zealot  
  179  11:52  Zealot x2  
  157  11:58  Colossus  
  157  12:16  Fleet Beacon  
  157  12:18  Stargate  
  157  12:19  Pylon  
  151  12:36  High Templar x2  
  151  12:37  High Templar x5  
  147  12:40  Archon  
  147  12:41  Archon x2  
Tags
 
Add a new tag
Caveats
  • Supply blocks, unpowered buildings, or Contaminate may cause inaccurate times.
  • Supply counts are checked every 10 seconds.